[Event "Early-Titled-Tuesday-Blitz-July-09-2024"]
[Site "Chess.com"]
[Date "2024.07.09"]
[Round "2"]
[White "Chemim21"]
[Black "zacachess"]
[Result "0-1"]
[WhiteElo "2184"]
[BlackElo "2465"]
[TimeControl "180+1"]
[EndTime "8:18:48 PDT"]
[Termination "zacachess won on time"]

1. e4 c5 2. Nf3 d6 3. d4 cxd4 4. Nxd4 Nf6 5. Nc3 Nc6 6. Be3 e5 7. Nb3 Be7 8. Be2 Be6 9. f3 O-O 10. Qd2 a5 11. O-O a4 12. Nc1 a3 13. b3 d5 14. exd5 Nxd5 15. Nxd5 Qxd5 16. Qxd5 Bxd5 17. Nd3 Rfd8 18. Rfd1 Nd4 19. Bxd4 exd4 20. Nf4 Bc6 21. Bd3 Bg5 22. Ne2 Be3+ 23. Kf1 b5 24. Ng3 b4 25. Nf5 Bg5 26. Bc4 Bf6 27. Bd3 g6 28. Ng3 Bg7 29.
Ne4 h6 30. Re1 Re8 31. Nd2 f5 32. Nc4 Kf8 33. Rxe8+ Rxe8 34. Re1 Rxe1+ 35. Kxe1 Ke7 36. Ke2 Bd7 37. Nb6 Be6 38. Bc4 g5 39. Bxe6 Kxe6 40. Kd3 Ke5 41. g3 h5 42. Nc4+ Kd5 43. h3 g4 44.
hxg4 fxg4 45. fxg4 hxg4 46. Nb6+ Kc5 47. Nc4 Kd5 48.
Nb6+ Kc5 49. Nc4 Bf6 50. Ke4 Bd8 51. Kf5 d3 52. cxd3 Kd4 53. Kxg4 Kxd3 54. Ne5+ Kc2 55.
Nc6 Kb2 56. Nxb4 Be7 57. Nd3+ Kxa2 58. b4 Kb1 59. b5 a2 60. b6 a1=Q 61. b7 Qa4+ 62.
Nf4 Qb5 0-1

[Event "Early-Titled-Tuesday-Blitz-July-09-2024"]
[Site "Chess.com"]
[Date "2024.07.09"]
[Round "2"]
[White "kadirsoria"]
[Black "Zorbos"]
[Result "1/2-1/2"]
[WhiteElo "2233"]
[BlackElo "2685"]
[TimeControl "180+1"]
[EndTime "8:18:49 PDT"]
[Termination "Game drawn by 50-move rule"]

1. e4 e5 2. Nf3 Nc6 3. d4 exd4 4. Nxd4 Nf6 5. Nxc6 bxc6 6. Bd3 Be7 7. O-O O-O 8. e5 Nd5 9. c4 Nb4 10. Nc3 Nxd3 11.
Qxd3 d6 12. Bf4 Be6 13. exd6 Bxd6 14. Bxd6 Qxd6 15. Qxd6 cxd6 16. b3 d5 17. cxd5 cxd5 18. Rad1 Rfd8 19. Rd3 Rac8 20. Rfd1 Kf8 21. h3 Rc5 22.
R1d2 a5 23. Kh2 Ke7 24. Ne2 a4 25. bxa4 Ra8 26. Nc3 Raa5 27. g4 g5 28. Kg3 h6 29.
f4 Kd7 30. f5 Kc6 31. fxe6 fxe6 32. Re2 Kd7 33. Rb2 Kc7 34. Nb5+ Kd7 35. Nc3 Rc4 36.
Rb5 Ra8 37. a5 Ra6 38. Ne2 Kc6 39. Rb6+ Rxb6 40. axb6 Kxb6 41. Re3 Kc5 42. Rxe6 Rc2 43. Kf3 Rxa2 44. Rxh6 Ra3+ 45. Kf2 d4 46. Nxd4 Kxd4 47. Rh5 Ra5 48. Kf3 Ra3+ 49. Kg2 Ra5 50. Kg3 Ke4 51. h4 Ra3+ 52. Kg2 Ra2+ 53. Kg3 Ra3+ 54. Kg2 gxh4 55.
Rxh4 Kf4 56. Rh8 Ra2+ 57. Kf1 Kf3 58. Rf8+ Kxg4 59. Rf2 Ra1+ 60. Kg2 Ra3 61. Re2 Rg3+ 62. Kf2 Rf3+ 63. Kg2 Ra3 64. Rf2 Rb3 65. Re2 Rc3 66.
Rb2 Ra3 67. Kf2 Kf4 68. Rb4+ Ke5 69. Rb2 Ke4 70. Re2+ Kf4 71. Rc2 Rb3 72. Rc4+ Ke5 73. Rc2 Ke4 74. Re2+ Kf4 75. Rc2 Rb4 76. Rd2 Rb3 77.
Ra2 Rb4 78. Re2 Rd4 79. Rc2 Rd3 80. Rc4+ Ke5 81. Rc2 Ke4 82. Rc4+ Kd5 83. Rh4 Ra3 84. Ke2 Ke5 85. Kd2 Kd5 86. Kc2 Rg3 87. Kd2 Ke5 88.
Ke2 Kf5 89. Kf2 Ra3 90. Rb4 Ke5 91. Ke2 Kd5 92. Kd2 Rh3 93. Rg4 Ke5 94. Ke2 Rb3 95.
Kd2 Kf5 96. Rc4 Rh3 97. Ke2 Ke5 98. Kf2 Kd5 99. Ra4 Rb3 100. Ke2 Kc5 101. Kd2 Rg3 102.
Rf4 Rh3 103. Ke2 Kb5 104. Kf2 Kc5 105. Kg2 Ra3 106. Kf2 Kd5 107. Ke2 Rh3 108. Kf2 Rb3 1/2-1/2

[Event "Early-Titled-Tuesday-Blitz-July-09-2024"]
[Site "Chess.com"]
[Date "2024.07.09"]
[Round "2"]
[White "j_coca"]
[Black "Zq1"]
[Result "1-0"]
[WhiteElo "2397"]
[BlackElo "2564"]
[TimeControl "180+1"]
[EndTime "8:18:51 PDT"]
[Termination "j_coca won on time"]

1. f4 d5 2. Nf3 g6 3. e3 Bg7 4. d4 Nh6 5. c3 O-O 6. Bd3 Bf5 7. O-O Bxd3 8. Qxd3 Nd7 9. Nbd2 e6 10. e4 c5 11. e5 Rc8 12. h3 f6 13.
Rf2 Nf5 14. g4 Ng3 15. Kg2 fxe5 16. fxe5 Ne4 17. Nxe4 dxe4 18. Qxe4 Qc7 19. Bg5 cxd4 20. cxd4 Nb6 21. Raf1 Nd5 22. h4 Qc6 23. Kg3 Rf7 24.
h5 gxh5 25. gxh5 h6 26. Bc1 Rcf8 27. Qg6 Ne7 28. Qg4 Nf5+ 29. Kh3 b5 30. Nh4 Nxh4 31. Rxf7 Rxf7 32. Rxf7 Qh1+ 33. Kg3 Kxf7 34. Qxh4 Qxc1 35. Kf3 Qd1+ 36. Ke4 Qe2+ 37. Kf4 Qxb2 38. Ke4 Qe2+ 39. Kf4 Bf8 40. Qf6+ Ke8 41. Qxe6+ Be7 42. Qc8+ Kf7 43.
Qf5+ Kg7 44. Qg6+ Kf8 45. Qf5+ Ke8 46. Qc8+ Bd8 47. Qe6+ Kf8 48. Qf5+ Ke7 49. Qf6+ Kd7 50. Qd6+ Kc8 51. Qc6+ Bc7 52. Qa8+ Kd7 53. Qd5+ Ke7 54. Qc5+ Kd7 55. Qd5+ Kc8 56. Qa8+ Bb8 57. Qc6+ Kd8 58. Qf6+ Kc7 59. Qe7+ Kc6 60. Qe8+ Kd5 61. Qd8+ Kc4 62. Qxb8 Qf2+ 63. Ke4 Qe2+ 64. Kf5 Qxh5+ 65. Ke6 Kxd4 66. Qd6+ Ke4 67. Qd5+ Ke3 68. Qxb5 Qg6+ 69. Kd5 Qe4+ 70. Kd6 Qg6+ 71. e6 Qf6 72. Qc5+ Ke4 73. Qd5+ Kf4 74.
Qd2+ 1-0

[Event "Early-Titled-Tuesday-Blitz-July-09-2024"]
[Site "Chess.com"]
[Date "2024.07.09"]
[Round "2"]
[White "Aggressus"]
[Black "krzyzan94"]
[Result "1/2-1/2"]
[WhiteElo "2564"]
[BlackElo "2787"]
[TimeControl "180+1"]
[EndTime "8:18:57 PDT"]
[Termination "Game drawn by repetition"]

1. e4 c5 2. Nf3 d6 3. d4 cxd4 4.
Qxd4 a6 5. c4 Nc6 6. Qe3 g6 7.
Be2 Bg7 8. O-O Nf6 9. h3 O-O 10. Bd2 Nd7 11. Bc3 Qb6 12. Qd2 Nde5 13. Na3 Nxf3+ 14. Bxf3 Bxc3 15. Qxc3 Be6 16. Nc2 Rac8 17. Ne3 Qd4 18. Rac1 Qxc3 19. Rxc3 Nd4 20. Kh2 b5 21.
Rfc1 b4 22. Rd3 Nc6 23. b3 a5 24. Nd5 Rfe8 25. Bg4 Ne5 26. Rg3 Nxg4+ 27. hxg4 Bxd5 28.
exd5 a4 29. bxa4 Ra8 30. Rb3 Rxa4 31. f3 Rc8 32. Kg3 Rf8 33. c5 dxc5 34. Rxc5 Rd8 35.
Rc7 Kf8 36. Re3 Re8 37. Rb7 Rxa2 38. Rxb4 Rd2 39. Rb5 Rd8 40. Rb7 Re8 41. Rd7 f6 42. f4 Kf7 43. f5 gxf5 44. gxf5 Rd4 45. Kf3 h5 46. d6 Rxd6 47. Rexe7+ Rxe7 48. Rxd6 Ra7 49. Rb6 Kg7 50. Kg3 Ra4 51. Kh3 Rf4 52. Rb5 Kh6 53. g3 Rf2 54. Rb8 Kg5 55. Rh8 Rxf5 56.
Rg8+ Kh6 57. Rh8+ Kg7 58. Ra8 Rf2 59. Ra7+ Kg6 60. Ra5 Rc2 61. Rb5 Rc3 62. Ra5 f5 63. Kh4 Rc4+ 64. Kh3 Rc1 65. Ra8 Rc2 66. Rg8+ Kf7 67.
Rh8 Kg6 68. Rg8+ Kh7 69. Rg5 Rf2 70. Rxh5+ Kg6 71. Rh8 Rf3 72. Ra8 f4 73. Kg4 Rxg3+ 74. Kxf4 Rb3 75. Ra6+ Kf7 76. Ke4 Rb4+ 77. Kd5 Rb5+ 78.
Kc4 Rh5 79. Ra7+ Ke6 80. Ra6+ Kd7 81. Rg6 Rh4+ 82. Kd5 Rh5+ 83. Kd4 Ke7 84. Ra6 Kd7 85. Rg6 Ke7 86. Ra6 Kd7 87. Rg6 1/2-1/2

[Event "Early-Titled-Tuesday-Blitz-July-09-2024"]
[Site "Chess.com"]
[Date "2024.07.09"]
[Round "2"]
[White "pouya21"]
[Black "Baronessa08"]
[Result "1-0"]
[WhiteElo "2871"]
[BlackElo "2595"]
[TimeControl "180+1"]
[EndTime "8:19:01 PDT"]
[Termination "pouya21 won on time"]

1. d4 d5 2. Nf3 Nf6 3. c4 e6 4.
g3 Nbd7 5. Bg2 c6 6. Nbd2 b6 7. O-O Bb7 8. Qc2 c5 9. dxc5 Bxc5 10. b3 O-O 11. Bb2 Rc8 12. Rad1 Qe7 13. Qb1 Rfd8 14.
e3 Ba3 15. Nd4 Bxb2 16. Qxb2 Nc5 17. cxd5 Bxd5 18. N2f3 h6 19. Ne5 Bxg2 20. Kxg2 Qb7+ 21. Ndf3 Nd5 22. Rd4 f6 23. Ng6 Kf7 24. Qb1 Nc3 25. Qc2 N3e4 26. Rxd8 Rxd8 27. Nf4 Nd2 28. Qg6+ Kg8 29.
Qh5 Nxf1 30. Kxf1 Qe4 31. Ne1 Qh1+ 32. Ke2 Ne4 33. Nfd3 Ng5 34. h4 Nh3 35. Qg4 f5 36. Qc4 Qd5 37. Qxd5 Rxd5 38. Nf3 g5 39. hxg5 hxg5 40.
Nd4 Kf7 41. Nb4 Rd7 42. Nbc6 Ke8 43. Nb5 a6 44. Nbd4 f4 45. gxf4 gxf4 46. Nxe6 fxe3 47. fxe3 Rd6 48. Ned4 Ng5 49. Nb4 a5 50. Nd3 Ne4 51.
a4 Kd7 52. Ne5+ Kd8 53. Kd3 Nc5+ 54. Kc4 Kc8 55. Kb5 Rh6 56. Nec6 Kc7 57. Ne5 Ne4 58. Kc4 Nd6+ 59. Kd5 Rh1 60. Ne6+ Kb7 61. Kxd6 Rb1 62. Nd4 Rb2 63. Kd5 Rb1 64. e4 Re1 65. Nc4 Kc7 66. e5 Kd7 67. e6+ Ke7 68. Ne5 1-0

[Event "Early-Titled-Tuesday-Blitz-July-09-2024"]
[Site "Chess.com"]
[Date "2024.07.09"]
[Round "2"]
[White "Kotofeyca"]
[Black "klauser63"]
[Result "1/2-1/2"]
[WhiteElo "2506"]
[BlackElo "2314"]
[TimeControl "180+1"]
[EndTime "8:19:02 PDT"]
[Termination "Game drawn - insufficient material"]

1. d4 d5 2. c4 c6 3. Nc3 Nf6 4. cxd5 cxd5 5. Bf4 a6 6. e3 Nc6 7. Bd3 g6 8. Nf3 Bg7 9. O-O O-O 10. Ne5 Nxe5 11. Bxe5 Be6 12. Qe2 Rc8 13. Rfc1 Nd7 14. Bxg7 Kxg7 15. Rc2 Nb6 16. Rac1 Qd7 17. Qe1 Bf5 18.
Bxf5 Qxf5 19. b3 Rc6 20. Rd2 Rfc8 21. Rdd1 h5 22. h3 Nd7 23. Ne2 Nf6 24. Ng3 Qd7 25.
Rxc6 Qxc6 26. Ne2 Ne4 27. Rc1 Qd7 28. Rxc8 Qxc8 29. Qc1 Qxc1+ 30. Nxc1 Kf6 31. f3 Nc3 32. Kf2 e5 33. h4 Nb5 34. Ne2 Ke6 35. g4 Nd6 36.
dxe5 Kxe5 37. gxh5 gxh5 38. Nf4 d4 39. Nxh5 dxe3+ 40.
Kxe3 Nf5+ 41. Kf2 Nxh4 42. Ng7 Ng6 43. Ne8 Nf4 44. Ke3 Nd5+ 45. Kd3 Ke6 46. Kd4 Nb4 47. a4 Nc6+ 48. Kc5 Ne5 49. Kb6 Nxf3 50. Nc7+ Kd7 51. Kxb7 a5 52. Nd5 f5 53. Kb6 Nd4 54. Kxa5 Nxb3+ 55. Kb6 Nd4 56. Nf4 Nc6 57. Nd5 Kd6 58. Nf4 Nb4 59. a5 Ke5 60. Nh5 Nd5+ 61. Kc5 f4 62. a6 Nc7 63. a7 f3 64. Ng3 f2 65. Nf1 Ke6 66. Kb6 Kd6 67. Kb7 Kd7 68.
Kb8 Kc6 69. a8=Q+ Nxa8 70. Kxa8 Kd5 71. Kb7 Ke4 72. Kc6 Kf3 73. Kd5 Ke2 74. Nh2 Ke1 75.
Ke4 Ke2 76. Kf4 Kd2 77. Kf3 Ke1 78. Ke3 f1=Q 79. Nxf1 1/2-1/2

[Event "Early-Titled-Tuesday-Blitz-July-09-2024"]
[Site "Chess.com"]
[Date "2024.07.09"]
[Round "2"]
[White "Vladimir_Zakhartsov"]
[Black "hakanazeri2"]
[Result "1/2-1/2"]
[WhiteElo "2879"]
[BlackElo "2613"]
[TimeControl "180+1"]
[EndTime "8:19:05 PDT"]
[Termination "Game drawn - insufficient material"]

1. d4 Nf6 2. c4 e6 3. Nf3 d5 4. g3 Be7 5. Bg2 O-O 6. Nc3 dxc4 7. Ne5 c5 8. dxc5 Qxd1+ 9. Nxd1 Bxc5 10. Ne3 c3 11.
bxc3 Nbd7 12. Nd3 Bb6 13. a4 Rb8 14. Nc4 Bc7 15. a5 Nd5 16. Ba3 Rd8 17. Kd2 b5 18.
axb6 N7xb6 19. Na5 Bd7 20. c4 Na4 21. Nb7 Rxb7 22.
cxd5 Ba5+ 23. Ke3 Bb6+ 24. Kf4 exd5 25. Bxd5 Rc7 26. Rhc1 Nc3 27. Bf3 Be6 28. g4 Rcc8 29. Kg3 Bd5 30. Kg2 Bxf3+ 31. Kxf3 Nb5 32. Bb2 Bd4 33.
Rxc8 Rxc8 34. Ra5 Bxb2 35. Rxb5 Bd4 36. Nf4 g6 37. e3 Bb6 38. Nd5 Rb8 39. g5 Kg7 40. h4 h6 41. Rb4 hxg5 42. hxg5 Bc7 43. Ra4 Bb6 44. Ra6 Rb7 45. Kg4 Rb8 46. f4 Re8 47.
Kf3 Re6 48. e4 Rc6 49. Ra3 Rc1 50. Rc3 Rxc3+ 51. Nxc3 a5 52. Na4 Bd4 53. e5 Kf8 54.
Ke4 Ba7 55. Kd5 Ke7 56. Nc3 Be3 57. Ke4 Bd2 58. Na4 Bb4 59. Kd5 Bd2 60. Ke4 Bb4 61. Kd3 Ke6 62. Ke4 Be7 63. Nb6 Bc5 64. Na4 Ba7 65.
Nc3 Bf2 66. Na4 Kd7 67. Kd5 Bg3 68. Ke4 Kc6 69. f5 Bh4 70. e6 gxf5+ 71. Ke5 Bxg5 72. exf7 Be7 73. Kxf5 Bf8 74. Ke6 Kb5 75. Nb2 a4 76. Nxa4 Kxa4 77. Kd7 Kb5 78. Ke8 Ba3 79. f8=Q Bxf8 1/2-1/2

[Event "Early-Titled-Tuesday-Blitz-July-09-2024"]
[Site "Chess.com"]
[Date "2024.07.09"]
[Round "2"]
[White "BashirliSaadat"]
[Black "vladgoncharov"]
[Result "0-1"]
[WhiteElo "2395"]
[BlackElo "2656"]
[TimeControl "180+1"]
[EndTime "8:19:05 PDT"]
[Termination "vladgoncharov won on time"]

1. d4 Nf6 2. e3 g6 3. Bd3 Bg7 4. f4 d6 5. Nf3 O-O 6. O-O b6 7. Qe2 Nbd7 8. Nbd2 Bb7 9. e4 e5 10. fxe5 dxe5 11. d5 Nc5 12. Bc4 Qe7 13. b4 Ncd7 14.
a3 Ne8 15. Bb2 Nd6 16. Bd3 a5 17. bxa5 Rxa5 18. Nc4 Nxc4 19. Bxc4 Rfa8 20. Nd2 Ba6 21. Bxa6 R5xa6 22. Nb3 Nc5 23. Kh1 Ra4 24. Nxc5 Qxc5 25. Qf3 f6 26. Qd3 b5 27. Rad1 R8a6 28. Qb3 Qc4 29. Rfe1 Bf8 30. Ra1 Bd6 31. h3 Kg7 32. Re3 Ra8 33. Rc3 Qxb3 34. Rxb3 Rxe4 35. Rxb5 Rc4 36.
c3 Kf7 37. Rb7 Ke7 38. Kg1 Kd7 39. Kf2 Ra5 40. Rd1 Rcc5 41. Rb8 Rxd5 42. Re1 Rdb5 43.
Rxb5 Rxb5 44. Re2 Ra5 45. Rd2 Ke6 46. c4 Bxa3 47. Bc3 Bc5+ 48. Ke2 Ra3 49. Bb2 Rg3 50. Kf1 Rb3 51. Rd5 Be3 52. Rb5 Rxb5 53. cxb5 Kd5 54.
Ke2 Bc5 55. Kd3 f5 56. Bc1 e4+ 57. Kc3 Bd6 58. Be3 f4 59. Bc1 Kc5 60. h4 Be5+ 61. Kb3 Kxb5 62. Ba3 c5 63. Bc1 c4+ 64. Kc2 Kc5 65.
Ba3+ Kd5 66. Bc1 h6 67. Bd2 Ke6 68. Be1 Kf5 69. Bd2 Kg4 70. Be1 Bd4 71. Kd2 f3 72.
gxf3+ exf3 0-1

[Event "Early-Titled-Tuesday-Blitz-July-09-2024"]
[Site "Chess.com"]
[Date "2024.07.09"]
[Round "2"]
[White "Zheenbekov86"]
[Black "Mysterio47"]
[Result "1-0"]
[WhiteElo "2436"]
[BlackElo "2743"]
[TimeControl "180+1"]
[EndTime "8:19:06 PDT"]
[Termination "Zheenbekov86 won by resignation"]

1. e4 e6 2. d4 d5 3. exd5 exd5 4.
Nf3 Nf6 5. Bd3 Be7 6. O-O O-O 7. h3 c5 8. dxc5 Bxc5 9. Nbd2 Nc6 10.
Nb3 Bb6 11. c3 h6 12. Re1 Be6 13. Be3 Re8 14. Nbd4 Rc8 15. Nxe6 fxe6 16. Bg6 Re7 17.
Qd2 Qf8 18. Rad1 Nd7 19. Bxb6 Nxb6 20. b3 Qf6 21. Bd3 e5 22. Bb5 e4 23. Nd4 Rf8 24. a4 Ne5 25. a5 Na8 26. Nc2 Nc7 27. Bf1 Qg6 28. Kh1 Ref7 29. Qd4 Qg5 30. Rd2 Nc6 31.
Qe3 Qh4 32. Kg1 Rf5 33. c4 Rg5 34. cxd5 Rf3 35. Qxe4 Rf4 36. Qe3 Ne5 37. Qxe5 Rxe5 38. Rxe5 Qf6 39. Re1 Qd6 40. Ne3 Rf8 41. Nc4 Qf6 42.
d6 Ne6 43. d7 Nd8 44. Re8 g5 45. Rxf8+ Kxf8 46. Re2 Kg7 47. Re3 Qf5 48. Rd3 h5 49. Rd2 g4 50. hxg4 hxg4 51. g3 Qe6 52. Ne3 Qe5 53. Nxg4 Qxa5 54. Rd3 Qg5 55. Ne3 Qf6 56. Rd5 a6 57. Bd3 Qe6 58. Kg2 b5 59. Rg5+ Kf7 60.
Rf5+ Kg7 61. Rg5+ Kf7 62. Rh5 Kg7 63. Rh7+ Kg8 64. Rh5 Qc6+ 65. Kg1 Kf7 66. Rf5+ Kg7 67. Ng4 Qc1+ 68. Kh2 Qc6 69. Rg5+ Kf7 70. Ne5+ Kf6 71.
Nxc6 Nxc6 72. Rg6+ 1-0

[Event "Early-Titled-Tuesday-Blitz-July-09-2024"]
[Site "Chess.com"]
[Date "2024.07.09"]
[Round "2"]
[White "rasmussvane"]
[Black "theoneandonlydaaevik"]
[Result "1/2-1/2"]
[WhiteElo "2906"]
[BlackElo "2622"]
[TimeControl "180+1"]
[EndTime "8:19:13 PDT"]
[Termination "Game drawn by repetition"]

1. Nf3 Nf6 2. g3 g6 3. Bg2 Bg7 4. O-O O-O 5. d4 d5 6. c4 dxc4 7. Na3 c3 8. bxc3 c5 9. Re1 Nc6 10. Bb2 Qb6 11. Nc4 Qb5 12. Qb3 Qa6 13. e4 Be6 14. d5 Nxd5 15. exd5 Bxd5 16. Nfd2 Bxg2 17. Kxg2 b5 18. Ne3 Ne5 19. c4 Nxc4 20. Ndxc4 bxc4 21. Nxc4 Bxb2 22. Nxb2 Rab8 23. Qc3 Qb7+ 24. Kg1 Qxb2 25. Qxc5 a6 26. Qxe7 Rfe8 27. Qxe8+ Rxe8 28. Rxe8+ Kg7 29. Ree1 a5 30. a4 Qb4 31. h4 h5 32. Re3 Qd4 33.
Raa3 Kf6 34. Kg2 Qd5+ 35. Rf3+ Kg7 36. Kg1 Qd1+ 37. Kh2 Qd6 38. Rae3 Qc6 39. Rf4 f6 40. Re7+ Kf8 41. Re3 Kg7 42. Ref3 f5 43. Re3 Kf6 44. Rd4 Qc5 45. Red3 Qc2 46. Kg2 Qc6+ 47. Kg1 Qc1+ 48.
Kh2 Qc2 49. Rd2 Qb3 50. Rd6+ Kg7 51. Rd7+ Kh6 52. R7d4 Kg7 53. Re2 Qb6 54. Rd7+ Kh6 55. Rde7 Qc6 56. Ra2 Qc4 57. Ree2 Qb4 58. Reb2 Qc4 59.
Rc2 Qb4 60. Re2 Qc4 61. f4 Qb4 62. Red2 Qe4 63. Rg2 Kg7 64. Ra3 Qb4 65. Rga2 Kf6 66. Re3 Qc4 67. Ree2 Qb4 68. Kg2 Qb7+ 69. Kf2 Qb4 70. Re3 Qc4 71. Rae2 Qxa4 72. Re6+ Kf7 73. Re7+ Kf8 74. Rb7 Qd4+ 75. Kf1 Qd1+ 76. Kf2 Qd4+ 77.
Ke1 Qc3+ 78. Kf1 Qa1+ 79. Kf2 Qd4+ 1/2-1/2

[Event "Early-Titled-Tuesday-Blitz-July-09-2024"]
[Site "Chess.com"]
[Date "2024.07.09"]
[Round "2"]
[White "Bilan_Danila"]
[Black "jasrom"]
[Result "0-1"]
[WhiteElo "2584"]
[BlackElo "2331"]
[TimeControl "180+1"]
[EndTime "8:19:34 PDT"]
[Termination "jasrom won by checkmate"]

1. d4 d5 2. Nf3 e6 3. g3 Nf6 4. Bg2 c5 5. c4 Nc6 6. cxd5 Nxd5 7. O-O Be7 8. e4 Nf6 9. e5 Nd5 10. Nc3 cxd4 11. Nxd4 O-O 12. Nxd5 exd5 13. Nxc6 bxc6 14. Be3 Bf5 15. Rc1 Qd7 16. Qa4 Rfc8 17. Rfd1 a5 18. Bc5 Bg5 19. f4 Bd8 20. Rc3 Qb7 21. b3 Bg4 22. Rdc1 Be2 23. Bd6 Bb5 24. Qd4 Bb6 25.
Bc5 Bd8 26. h3 a4 27. Kh2 axb3 28. axb3 Ra2 29. R3c2 Rca8 30. Bd6 Bb6 31. Bc5 Bd8 32. f5 Qd7 33. Qg4 Bd3 34. Rxa2 Rxa2 35. Kg1 Bxf5 36. Qb4 h6 37. Qb8 Kh7 38. Qb7 Bxh3 39. Qxd7 Bxd7 40.
Bd6 Bb6+ 41. Kh1 Be3 42. Rb1 Bf2 43. g4 Bxg4 44. Bf1 Bf5 45. Rd1 Be4+ 46. Bg2 Bc2 47.
Rf1 Bxb3 48. Kh2 Bc4 49. Kh3 Bxf1 50. Bxf1 Bd4 51. Bd3+ g6 52. Kg4 c5 53. Kf4 c4 54.
Bb1 Rf2+ 55. Kg4 Re2 56. e6 Rxe6 57. Bf4 h5+ 58. Kf3 Be5 59. Bc1 f5 60. Bc2 d4 61.
Bg5 d3 62. Ba4 Bf6 63. Bd2 g5 64. Bd7 Re5 65. Bc3 Rd5 66. Be6 Rc5 67. Bxf6 Kg6 68.
Bc3 Rb5 69. Bd7 Rb3 70. Bd2 c3 71. Be3 d2 72. Ke2 Rb1 73. Ba4 Re1+ 74. Kd3 d1=Q+ 75.
Bxd1 Rxd1+ 76. Kxc3 Re1 77. Kd4 Rxe3 78. Kxe3 h4 79.
Kf3 h3 80. Kf2 g4 81. Kg3 Kg5 82. Kh2 f4 83. Kg1 Kh4 84. Kh2 g3+ 85. Kg1 Kg4 86.
Kh1 f3 87. Kg1 Kf4 88. Kf1 Ke3 89. Kg1 f2+ 90. Kf1 g2# 0-1

[Event "Early-Titled-Tuesday-Blitz-July-09-2024"]
[Site "Chess.com"]
[Date "2024.07.09"]
[Round "2"]
[White "FARIZA2018"]
[Black "stollenmonster"]
[Result "1-0"]
[WhiteElo "2627"]
[BlackElo "2888"]
[TimeControl "180+1"]
[EndTime "8:19:39 PDT"]
[Termination "FARIZA2018 won by resignation"]

1. e4 c5 2. Nf3 Nf6 3. e5 Nd5 4.
c4 Nc7 5. d4 cxd4 6. Qxd4 Nc6 7. Qe3 g6 8. Nc3 Bg7 9. Bd3 O-O 10. O-O d6 11. exd6 exd6 12. h3 d5 13. Nxd5 Nxd5 14. cxd5 Qxd5 15. Be4 Qb5 16. Rb1 Bf5 17. Bxf5 Qxf5 18.
Bd2 Rad8 19. Qb3 b6 20. Bc3 Rd3 21. Rbc1 Rxf3 22. gxf3 Bxc3 23. Qxc3 Nd8 24. Kh2 Ne6 25. Rg1 h5 26. Rce1 Ng5 27. f4 Ne6 28. Qe5 Qxf4+ 29.
Qxf4 Nxf4 30. Rg3 Rd8 31. Rf3 Ne6 32. Re2 Rd1 33. Rc3 h4 34. Rc4 g5 35. b4 Kg7 36. a4 Rd3 37. Rce4 Kg6 38. R4e3 Rd4 39. Rb2 Nf4 40. a5 f6 41. axb6 axb6 42. b5 Rd1 43.
Reb3 f5 44. Ra2 Kh5 45. Ra6 Rd6 46. Rc3 g4 47. hxg4+ Kxg4 48. Ra4 Kg5 49. Rf3 Ng6 50. Rc4 Rd5 51. Rb4 Ne5 52. Rc3 Ng4+ 53. Kg2 h3+ 54.
Rxh3 Rd2 55. Rf3 Ne5 56. Rg3+ Ng4 57. Rf3 Ne5 58. Rc3 Ng4 59. Rg3 Kf6 60. Rf3 Ne5 61.
Rc3 Ng4 62. Rf4 Ke5 63. Rff3 Rb2 64. Rc6 Rxb5 65. Rc8 Rb2 66. Re8+ Kf6 67. Rf8+ Kg6 68.
R8xf5 b5 69. Rc5 Nh6 70. Rg3+ Kf7 71. Rh3 Ng8 72. Rd3 Nf6 73. Rc7+ Ke6 74. Rb7 Nd5 75.
Kg3 b4 76. Rb8 Kd6 77. Rd8+ Kc6 78. R8xd5 Rb1 79. R5d4 b3 80. Kf3 b2 81. Rb4 Kc5 82. Rdb3 Rh1 83. Rxb2 Rh3+ 84. Kg2 Rh8 85. R4b3 1-0

[Event "Early-Titled-Tuesday-Blitz-July-09-2024"]
[Site "Chess.com"]
[Date "2024.07.09"]
[Round "2"]
[White "AcostaPablo"]
[Black "mishanick"]
[Result "1/2-1/2"]
[WhiteElo "2683"]
[BlackElo "3100"]
[TimeControl "180+1"]
[EndTime "8:19:43 PDT"]
[Termination "Game drawn - insufficient material"]

1. e4 c5 2. Nf3 d6 3. Bb5+ Bd7 4. Bxd7+ Nxd7 5. O-O e6 6. Qe2 Be7 7. d3 Bf6 8. Nbd2 Ne7 9. Nc4 Qc7 10. Bf4 Ne5 11. Nfxe5 Bxe5 12. Be3 O-O 13. f4 Bd4 14. c3 Bxe3+ 15. Nxe3 Rae8 16. Rf3 f5 17. Raf1 Qc6 18. Nc4 b5 19. Nd2 fxe4 20. Nxe4 c4 21. d4 Nd5 22.
Ng5 Qd7 23. Qe4 Nf6 24. Qc2 h6 25. Ne4 Nd5 26. Qf2 Rf7 27. Re1 Ref8 28. g3 g5 29.
Kh1 g4 30. Rfe3 Nxe3 31. Qxe3 e5 32. fxe5 dxe5 33. dxe5 Rf1+ 34. Rxf1 Rxf1+ 35. Kg2 Rf3 36. Qxh6 Qf5 37. Qc6 Qxe5 38. Qc8+ Kf7 39. Qxg4 Re3 40. Ng5+ Ke7 41. Kh3 a5 42. Qh5 Qf5+ 43. Kh4 Re5 44. Qh6 Re2 45. Qg7+ Ke8 46. Qg8+ Kd7 47. Qg7+ Kc6 48.
Qh6+ Kd5 49. h3 b4 50. Qb6 Re5 51. Qxa5+ Kc6 52. Qa6+ Kc7 53. Qxc4+ Kd8 54. Qd4+ Ke8 55.
Qf4 Qxf4+ 56. gxf4 Re2 57. cxb4 Rxb2 58. a3 Rb3 59.
Kg4 Rxa3 60. h4 Rb3 61. h5 Kf8 62. h6 Rxb4 63. Kf5 Rb6 64. Ne6+ Kg8 65. Kf6 Kh7 66.
f5 Kxh6 67. Ke7 Rb7+ 68. Kf6 Ra7 69. Nf4 Ra8 70. Ne6 Rb8 71. Nf4 Rf8+ 72. Ke5 Rf7 73. Ke6 Ra7 74. Kf6 Ra1 75. Ne6 Ra6 76. Kf7 Kh5 77. Kf6 Kg4 78. Kg6 Rb6 79. Kf6 Rb5 80.
Ng7 Rb6+ 81. Ke5 Kg5 82. Ne6+ Kh6 83. Kf6 Rb1 84. Kf7 Rf1 85. f6 Rf2 86. Ke7 Kg6 87.
Nf8+ Kf5 88. f7 Re2+ 89. Ne6 Rxe6+ 90. Kd7 Rf6 91. Ke7 Re6+ 92. Kd7 Rf6 93. Ke7 Kg6 94. f8=Q Rxf8 95. Kxf8 1/2-1/2

[Event "Early-Titled-Tuesday-Blitz-July-09-2024"]
[Site "Chess.com"]
[Date "2024.07.09"]
[Round "2"]
[White "Chaubunagungamaug1"]
[Black "Vision_64"]
[Result "0-1"]
[WhiteElo "2483"]
[BlackElo "2309"]
[TimeControl "180+1"]
[EndTime "8:19:53 PDT"]
[Termination "Vision_64 won by resignation"]

1. d4 Nf6 2. c4 c5 3. d5 b5 4. Nf3 d6 5. Qc2 g6 6. e4 bxc4 7. Bxc4 Bg7 8. Nc3 O-O 9. O-O Nbd7 10. h3 Nb6 11. b3 a5 12. Bf4 Nfd7 13. Rab1 a4 14.
Nxa4 Nxa4 15. bxa4 Nb6 16. Bb5 Ba6 17. Rfd1 Qc7 18.
Nd2 Rfb8 19. Nc4 Nc8 20. Bd2 Bd4 21. Ba5 Qa7 22. Bc3 Qc7 23. Bxd4 cxd4 24. Rxd4 Qc5 25. Rdd1 Bxb5 26. axb5 Nb6 27. Ne3 Qxc2 28. Nxc2 Rxa2 29. Nb4 Ra4 30. Nc6 Rb7 31. f3 Nc8 32. Rdc1 Kg7 33. Nd8 Rb8 34. Rc6 Na7 35. b6 Nxc6 36. dxc6 Rc4 37. Kh2 Rxd8 38. c7 Rc8 39. b7 R4xc7 40. bxc8=Q Rxc8 41. Kg3 Rc2 42. Rb7 Kf6 43. Rb6 Ke6 44.
Rb7 f6 45. Rb8 h5 46. h4 g5 47. hxg5 fxg5 48. Rg8 Kf6 49. Kh3 Rc5 50. Rh8 Kg6 51.
Rg8+ Kf7 52. Rh8 Kg6 53. Rg8+ Kh7 54. Re8 Re5 55. g3 Kg7 56. Kg2 Kf7 57. Rh8 g4 58.
fxg4 hxg4 59. Rh7+ Kg6 60. Rh8 Rxe4 61. Rg8+ Kf5 62.
Rf8+ Ke5 63. Kf2 e6 64. Rg8 Kd4 65. Rd8 d5 66. Ra8 e5 67. Ra4+ Kd3 68. Ra3+ Kc2 69. Ra2+ Kb3 70. Ra5 Rd4 71. Ke3 Kc3 72. Ra3+ Kc4 73.
Ra4+ Kc5 74. Ra5+ Kb4 75. Ra8 Re4+ 76. Kd3 Re1 77. Rb8+ Kc5 78. Rc8+ Kd6 79. Rg8 Re4 80.
Rg6+ Kc5 81. Ra6 Rb4 82. Ra5+ Rb5 83. Ra4 Rb3+ 84. Ke2 e4 85. Ra5+ Kd4 86. Ra4+ Ke5 87. Kf2 Rf3+ 88. Kg2 d4 89. Ra5+ Kd6 90. Ra6+ Kc5 91. Ra5+ Kc4 92. Re5 e3 93. Re4 Kd3 94. Rxg4 e2 95. Kxf3 e1=Q 96. Rf4 Qf1+ 97. Kg4 Qg2 98.
Rf3+ Ke4 99. Rf4+ Ke3 100. Rf3+ Qxf3+ 0-1

[Event "Early-Titled-Tuesday-Blitz-July-09-2024"]
[Site "Chess.com"]
[Date "2024.07.09"]
[Round "2"]
[White "AryanTari"]
[Black "KogotBobra17"]
[Result "1-0"]
[WhiteElo "3003"]
[BlackElo "2655"]
[TimeControl "180+1"]
[EndTime "8:20:29 PDT"]
[Termination "AryanTari won by resignation"]

1. e4 c5 2. Nc3 Nc6 3. f4 g6 4. Nf3 Bg7 5. Bb5 e6 6. Bxc6 bxc6 7. e5 d5 8. O-O Ne7 9. d3 O-O 10. Na4 Qa5 11. b3 c4 12. Ba3 Re8 13. Qe1 Qa6 14.
dxc4 dxc4 15. Ng5 Nd5 16. Ne4 Nb6 17. Nxb6 axb6 18. Bd6 cxb3 19. axb3 Qxa1 20. Qxa1 Rxa1 21. Rxa1 Bb7 22. Ra7 Ba8 23. Bc7 b5 24. Nc5 Bf8 25.
Bd6 Bxd6 26. exd6 Rd8 27. Nd7 c5 28. Nxc5 Bd5 29. Nd7 Kg7 30. Ne5 Rxd6 31. Rxf7+ Kg8 32. Rc7 Ra6 33. Ng4 h5 34. Nf6+ Kf8 35. Kf2 Ra2 36.
Kg3 b4 37. Kh4 Ra5 38. g3 Bf3 39. Nh7+ Ke8 40. Ng5 Bg4 41. Ne4 Be2 42. Rb7 Ra2 43. Rxb4 Rxc2 44. Kg5 Bd3 45. Nf6+ Ke7 46. Rb7+ Kf8 47.
Nh7+ Ke8 48. Nf6+ Kf8 49. h3 Rg2 50. g4 hxg4 51. hxg4 Rc2 52. b4 Rb2 53. Nh7+ Ke8 54. Nf6+ Kf8 55. Nd7+ Ke8 56. Ne5 Be4 57. Rb6 Ke7 58.
Nxg6+ Kd7 59. Ne5+ Ke7 60. Nc4 Rg2 61. Nd6 Bf3 62.
f5 Rxg4+ 63. Kh6 exf5 64. Nxf5+ Kd7 65. Rd6+ Kc7 66. Rf6 Be4 67. Ne3 Rg3 68. Nc4 Bd5 69. Nd6 Rb3 70. b5 Kb6 71. Kg7 Bg2 72. Rg6 Bd5 73. Rg5 Kc5 74. Ne4+ Kd4 75. Nf6 Bc4 76. Rg4+ Kc5 77. Nd7+ Kxb5 78. Rg5+ Ka6 79. Nc5+ Kb6 80. Nxb3 Bxb3 81. Kf6 Kc6 82. Ke5 Kd7 83. Rg1 Ke7 84. Rc1 Kf7 85. Rc7+ Kg8 86. Rc3 Bf7 87. Kf6 Ba2 88. Ra3 Bc4 89. Ra4 Bb3 90. Rb4 Ba2 91. Kg6 Kh8 92. Kh6 Bg8 93. Rg4 Ba2 94. Rg2 Bg8 95.
Rg3 Bd5 96. Kg6 Be4+ 97. Kf6 Bd5 98. Rg5 Bg8 99. Kg6 Bh7+ 100. Kf7 Bg8+ 101. Rxg8+ Kh7 102. Rg1 Kh6 103. Kf6 Kh5 104. Rg8 Kh4 105. Kf5 Kh3 106. Kf4 Kh2 107. Kf3 1-0